Cogmind - Beta 13 @@@ ROGUE MODE // 2024.04.05 @ 20:42:50 Player: Raspberry Result: Destroyed by Y-54 Guardian with Gatling Laser Performance ------------- Evolutions (3) 1500 Regions Visited (5) 1000 Robots Destroyed (61) 305 Value Destroyed (2056) 2056 Prototype IDs (3) 60 Alien Tech Used (0) 0 Bonus (88) 88 TOTAL SCORE: 5009 Bonus ------- High Alert Combat Kills 88 Cogmind --------- Core Integrity 0/700 Matter 14/300 Energy 100/100 System Corruption 2% Temperature Cool (12) Movement Core (700) Ox13 Location -7/Factory Parts ------- > --- POWER (2) -------- (None) > --- PROPULSION (4) --- (None) > --- UTILITY (4) ------ High-capacity Storage Unit > --- WEAPON (3) ------- (None) > --- INVENTORY (20) --- Light Nuclear Core Light Nuclear Core Compact Matter Pod (0) Improved Targeting Computer Core Shielding Improved Medium Armor Plating Improved Medium Armor Plating Rocket Launcher Rocket Launcher Rocket Launcher Power Maul Peak State ------------ > --- POWER ------------ Light Deuterium Engine Light Nuclear Core > --- PROPULSION ------- Carbon-fiber Leg Carbon-fiber Leg Titanium Leg Titanium Leg > --- UTILITY ---------- High-capacity Storage Unit Improved Targeting Computer Improved Medium Armor Plating Recalibrator > --- WEAPON ----------- Field Laser Improved EM Pulse Cannon Improved Grenade Launcher > --- INVENTORY -------- Nuclear Core Light Nuclear Core Aluminum Leg Xenon Bombardment Thruster Improved Heat Sink Large Storage Unit Compact Matter Pod Improved Targeting Computer Core Shielding Improved Medium Armor Plating Improved Medium Armor Plating Hardlight Generator High-powered Tractor Beam Rocket Launcher Rocket Launcher Rocket Launcher Rocket Launcher Improved Grenade Launcher Improved Grenade Launcher Katana [Rating: 44] Favorites ----------- Power Light Nuclear Core Engine Ion Engine Power Core Light Nuclear Core Propulsion Titanium Leg Treads Light Treads Leg Titanium Leg Flight Unit Xenon Bombardment Thruster Utility Large Storage Unit Device Recalibrator Storage Large Storage Unit Processor Improved Targeting Computer Protection Power Shielding Weapon Improved Grenade Launcher Energy Gun Medium Laser Energy Cannon Improved EM Pulse Cannon Launcher Improved Grenade Launcher Slashing Weapon Katana Build | -11 -10 -10 -9 -8 -7 ------- Run | Yrd Mat Min Mat Mat Fac Slots Evolved 6 | . . . 2 2 2 Power 1 | . . . . 1 . Propulsion 2 | . . . 2 . . Utility 2 | . . . . 1 1 Weapon 1 | . . . . . 1 Parts Attached 80 | 5 8 6 26 10 25 Power 11 | 1 . 1 4 3 2 Engine 6 | 1 . 1 3 1 . Core 5 | . . . 1 2 2 Reactor . | . . . . . . Propulsion 28 | 2 1 3 12 2 8 Treads 1 | . . . 1 . . Leg 24 | 2 1 3 11 2 5 Wheel . | . . . . . . Hover . | . . . . . . Flight 3 | . . . . . 3 Utility 20 | 1 4 . 4 2 9 Device 4 | . . . 1 . 3 Storage 8 | 1 2 . 1 1 3 Processor 2 | . 1 . . 1 . Hackware . | . . . . . . Protection 6 | . 1 . 2 . 3 Artifact . | . . . . . . Weapon 21 | 1 3 2 6 3 6 Energy Gun 11 | 1 3 2 4 1 . Energy Cannon 1 | . . . . . 1 Ballistic Gun . | . . . . . . Ballistic Cannon . | . . . . . . Launcher 8 | . . . 2 2 4 Special Weapon . | . . . . . . Impact Weapon . | . . . . . . Slashing Weapon 1 | . . . . . 1 Piercing Weapon . | . . . . . . Special Melee Weapon . | . . . . . . Unidentified Prototypes 3 | . . . 2 . 1 Parts Lost 33 | . 2 1 4 4 22 Power 6 | . . 1 . 2 3 Propulsion 10 | . . . 1 2 7 Utility 5 | . . . . . 5 Weapon 12 | . 2 . 3 . 7 Highest Loss Streak 10 | . 2 1 1 2 10 To Critical Strikes . | . . . . . . Average Slot Usage (%) 92 | . 90 99 98 99 84 Engine 7 | . 14 13 5 4 5 Core 4 | . . . 4 13 6 Leg 31 | . 28 28 43 35 25 Device 2 | . . . . . 5 Storage 10 | . 14 14 11 9 8 Processor 4 | . 4 . . 9 6 Protection 6 | . . 14 10 9 4 Energy Gun 14 | . 28 28 14 9 4 Launcher 6 | . . . 7 9 11 Naked Turns . | . . . . . . Heaviest Build 144 | 12 29 30 39 60 144 Greatest Support 68 | 20 20 20 68 68 65 Greatest Overweight (x) 22 | . 1 1 . 1 22 Average Overweight (x) . | . . 1 . . 1 Largest Inventory Capacity 25 | 8 15 15 15 20 25 Average Capacity 16 | 6 14 15 15 16 20 Most Carried 20 | 7 15 15 15 15 20 Average Carried 14 | 3 13 14 14 13 15 Final Capacity 20 | 8 15 15 15 20 20 Final Carried 15 | 7 14 15 15 15 11 Class Distribution -------------------- 56% | Mutant 22% | Scavenger-Mutant 11% | Bomber 8% | Gunner Dominant Class ---------------- Mutant | -10/Materials Scavenger-Mutant | -10/Mines Scavenger-Mutant | -9/Materials Mutant | -8/Materials Bomber | -7/Factory Resources | -11 -10 -10 -9 -8 -7 ----------- Run | Yrd Mat Min Mat Mat Fac Matter Collected 1464 | 241 239 132 439 308 105 Remotely . | . . . . . . Salvage Created 1943 | . 314 240 778 363 248 Parts 108 | . 11 12 45 22 18 Haulers Intercepted 1 | . . . 1 . . Recyclers Shooed 3 | . 1 . 2 . . Parts Field Recycled 7 | . . . 7 . . Retrieved Matter 55 | . . . 55 . . Parts Self-Destructed . | . . . . . . Prevented . | . . . . . . Kills | -11 -10 -10 -9 -8 -7 ------- Run | Yrd Mat Min Mat Mat Fac Combat Hostiles Destroyed 45 | . 3 8 18 9 7 Guns 25 | . 3 8 11 3 . Cannons 2 | . . . . . 2 AOE 18 | . . . 7 6 5 Classes Destroyed 13 | . 2 1 7 2 1 Worker 2 | . . . 1 . 1 Builder 3 | . . . 1 . 2 Tunneler 1 | . . . 1 . . Hauler 1 | . . . 1 . . Recycler 4 | . 2 . 1 1 . Operator 1 | . . . . 1 . Watcher 4 | . . . 2 1 1 Swarmer 4 | . . 4 . . . Grunt 26 | . 3 4 12 5 2 Duelist 3 | . . . 2 1 . Sentry 6 | . . . 4 2 . Hunter 4 | . . . . 1 3 Programmer 2 | . . . . . 2 Best Kill Streak 5 | . 2 2 4 5 3 Combat Bots Only 3 | . 2 2 3 3 2 Max Kills in Single Turn 3 | . 1 1 3 2 2 Gunslinging . | . . . . . . Exploded 3 | . . . 3 2 1 Melee . | . . . . . . Uniques/NPCs Destroyed . | . . . . . . Combat | -11 -10 -10 -9 -8 -7 -------- Run | Yrd Mat Min Mat Mat Fac Hostile Shots Fired 611 | . 51 61 76 51 372 Missed 201 | . 15 18 23 7 138 Damage Taken 5101 | . 520 445 897 825 2414 Core 1114 | . 81 119 106 104 704 Absorbed by Shields . | . . . . . . Redirected to Shielding 67 | . . 21 23 23 . Regen/Repaired (Parts) 123 | . . . 123 . . Core Remaining (%) 68 | 100 . 20 73 81 . Volleys Fired 196 | . 34 23 74 38 27 Largest 2 | . 2 2 2 2 2 Hottest 132 | . 90 130 130 99 132 Shots Fired 322 | . 67 44 116 53 42 Gun 254 | . 67 44 102 38 3 Cannon 17 | . . . . . 17 Launcher 51 | . . . 14 15 22 Special . | . . . . . . Kinetic . | . . . . . . Thermal 244 | . 57 44 102 38 3 Explosive 51 | . . . 14 15 22 Electromagnetic 27 | . 10 . . . 17 Robot Hit Streak 12 | . 7 4 9 12 11 Robot Miss Streak 7 | . 5 4 7 3 5 Penetration Max . | . . . . . . Secondary Targets 3 | . 1 1 1 . . Max Gunslinging Chain 1 | . 1 1 1 . . Shots Hit Robots 186 | . 41 23 60 33 29 Core Hits 119 | . 13 12 42 25 27 Critical Kills . | . . . . . . Critical Parts Destroyed . | . . . . . . Critical Strikes 12 | . 2 . 6 2 2 Burn 11 | . 2 . 6 2 1 Sever 1 | . . . . . 1 Melee Attacks 6 | . . . . . 6 Impact . | . . . . . . Slashing 6 | . . . . . 6 Piercing . | . . . . . . Sneak Attacks . | . . . . . . Combat Hostiles . | . . . . . . Follow-up Attacks . | . . . . . . Damage Inflicted 5045 | . 500 303 1557 1303 1382 Guns 2054 | . 500 303 784 447 20 Cannons 257 | . . . . . 257 Explosions 2561 | . . . 773 856 932 Melee 155 | . . . . . 155 Ramming 18 | . . . . . 18 Kinetic . | . . . . . . Thermal 2004 | . 450 303 784 447 20 Explosive 2561 | . . . 773 856 932 Electromagnetic 307 | . 50 . . . 257 Impact . | . . . . . . Slashing 155 | . . . . . 155 Piercing . | . . . . . . Highest Corruption 2 | . . . . . 2 Average Corruption 1 | . . . . . 1 Corruption Purged . | . . . . . . Corruption Blocked . | . . . . . . Effects 8 | . . . . . 8 Message Errors 3 | . . . . . 3 Matter Fused 1 | . . . . . 1 Heat Flow Errors 1 | . . . . . 1 Data Loss (minor) 1 | . . . . . 1 Misfires 1 | . . . . . 1 Alerts 1 | . . . . . 1 Overload Shots . | . . . . . . Overflow Damage 147 | . . . 76 38 33 Projectiles . | . . . . . . Explosions 147 | . . . 76 38 33 Melee . | . . . . . . Knockbacks 1 | . . . . . 1 Impact 1 | . . . . . 1 Kinetic . | . . . . . . Secondary . | . . . . . . Self-Inflicted Damage 259 | . . . 221 31 7 Shots 7 | . . . 5 1 1 Rammed 2 | . . . . . 2 Targets Rammed 4 | . . . . . 4 Kicked 2 | . . . . . 2 Crushed . | . . . . . . Highest Temperature 401 | . 371 345 401 363 273 Average Temperature 135 | . 114 131 142 158 105 Received Heat Transfer 1536 | . 282 168 312 315 459 Effects 25 | . 2 3 11 7 2 Shutdowns 3 | . 1 . 1 1 . Energy Bleed 6 | . . . 2 4 . Interference 12 | . . 2 6 2 2 Matter Decay 2 | . . 1 1 . . Damage (minor) 2 | . 1 . 1 . . Siege Activations . | . . . . . . Robots Corrupted . | . . . . . . Combat Hostiles . | . . . . . . Parts Fried 2 | . . . . . 2 Impact Corruptions . | . . . . . . Robots Melted . | . . . . . . Combat Hostiles . | . . . . . . Parts Melted 11 | . 2 3 5 1 . Heat Transferred 5758 | . 1374 755 2408 1110 111 Parts Sabotaged . | . . . . . . Parts Stolen . | . . . . . . Parts Stripped . | . . . . . . Power Chain Reactions . | . . . . . . Alert | -11 -10 -10 -9 -8 -7 ------- Run | Yrd Mat Min Mat Mat Fac Peak Influence 589 | . 90 259 477 589 267 Initial 267 | . . 34 100 201 267 Average 174 | . 46 137 260 406 135 Maximum Alert Level 2 | . . 1 2 2 1 Low Security (%) 61 | 100 100 65 42 . 69 Level 1 29 | . . 34 41 52 30 Level 2 8 | . . . 16 47 . Level 3 . | . . . . . . Level 4 . | . . . . . . Level 5 . | . . . . . . High Security . | . . . . . . Max Security . | . . . . . . Squads Dispatched 9 | . 2 . 2 1 4 Investigation 1 | . 1 . . . . Extermination 2 | . . . . . 2 Reinforcement 6 | . 1 . 2 1 2 Assault . | . . . . . . Garrison . | . . . . . . Intercept . | . . . . . . Searches Triggered . | . . . . . . Construction Impeded 2 | . . . . . 2 Haulers Reinforced . | . . . . . . Active Scanning Responses . | . . . . . . Cargo Convoy Interrupts . | . . . . . . Stealth | -11 -10 -10 -9 -8 -7 --------- Run | Yrd Mat Min Mat Mat Fac Distress Signals 6 | . 1 . 4 1 . Communications Jammed . | . . . . . . Distress Signals . | . . . . . . Times Spotted 72 | . 13 11 25 13 10 Peak Tracking Total 4 | . 4 3 4 3 2 Tactical Retreats 4 | . 1 2 1 . . Traps | -11 -10 -10 -9 -8 -7 ------- Run | Yrd Mat Min Mat Mat Fac Traps Triggered 3 | . 2 . . . 1 Indirectly . | . . . . . . Trap Hack Attempts . | . . . . . . Triggered . | . . . . . . Disarmed . | . . . . . . Reprogrammed . | . . . . . . Reused . | . . . . . . Traps Extracted . | . . . . . . Installed . | . . . . . . Triggered . | . . . . . . Machines | -11 -10 -10 -9 -8 -7 ---------- Run | Yrd Mat Min Mat Mat Fac Machines Disabled 9 | . . . 5 2 2 Max in Single Turn 2 | . . . 2 1 1 Machines Repaired . | . . . . . . Machines Dismantled . | . . . . . . Machines Sabotaged . | . . . . . . Overloaded Fab Kills . | . . . . . . Hacking | -11 -10 -10 -9 -8 -7 --------- Run | Yrd Mat Min Mat Mat Fac Machines Accessed 6 | . . . 3 1 2 Terminals 4 | . . . 1 1 2 Fabricators . | . . . . . . Repair Stations 1 | . . . 1 . . Recycling Units 1 | . . . 1 . . Scanalyzers . | . . . . . . Garrison Access . | . . . . . . Total Hacks 14 | . . . 10 2 2 Successful 11 | . . . 8 1 2 Failed 3 | . . . 2 1 . Catastrophic . | . . . . . . Database Lockouts . | . . . . . . Manual . | . . . . . . Terminals 7 | . . . 3 2 2 Fabricators . | . . . . . . Repair Stations 6 | . . . 6 . . Recycling Units 1 | . . . 1 . . Scanalyzers . | . . . . . . Garrison Access . | . . . . . . Terminal Hacks 6 | . . . 3 1 2 Record 6 | . . . 3 1 2 Fabricator Hacks . | . . . . . . Repair Station Hacks 4 | . . . 4 . . Scan Component 2 | . . . 2 . . Repair 2 | . . . 2 . . Recycling Unit Hacks 1 | . . . 1 . . Process 1 | . . . 1 . . Scanalyzer . | . . . . . . Garrison Access Hacks . | . . . . . . Unauthorized Hacks . | . . . . . . Terminals . | . . . . . . Fabricators . | . . . . . . Repair Stations . | . . . . . . Recycling Units . | . . . . . . Scanalyzers . | . . . . . . Garrison Access . | . . . . . . Data Cores Recovered . | . . . . . . Used . | . . . . . . Hacking Detections 4 | . . . 2 1 1 Full Trace Events . | . . . . . . Feedback Events . | . . . . . . Feedback Blocked . | . . . . . . Robot Schematics Acquired . | . . . . . . Robots Built . | . . . . . . Authchips . | . . . . . . Time . | . . . . . . Total Robot Build Rating . | . . . . . . Part Schematics Acquired . | . . . . . . Parts Built . | . . . . . . Authchips . | . . . . . . Time . | . . . . . . Total Part Build Rating . | . . . . . . Parts Repaired 2 | . . . 2 . . Time 52 | . . . 52 . . Parts Recycled . | . . . . . . Recycled Matter 196 | . . . 196 . . Retrieved Matter . | . . . . . . Retrieved Components . | . . . . . . Parts Scanalyzed . | . . . . . . Part Schematics Acquired . | . . . . . . Parts Damaged . | . . . . . . Bothacking | -11 -10 -10 -9 -8 -7 ------------ Run | Yrd Mat Min Mat Mat Fac Used RIF Installer . | . . . . . . Robots Hacked . | . . . . . . Non-combat . | . . . . . . Combat . | . . . . . . Robot Hacks Applied . | . . . . . . Relay Couplers Released . | . . . . . . Fabnet Peak Effective % . | . . . . . . Robots Rewired . | . . . . . . Allies Hacked . | . . . . . . Hacks Repelled . | . . . . . . Allies | -11 -10 -10 -9 -8 -7 -------- Run | Yrd Mat Min Mat Mat Fac Total Allies . | . . . . . . Largest Group . | . . . . . . Highest-Rated Group . | . . . . . . Highest-Rated Ally . | . . . . . . Total Orders . | . . . . . . Ally Attacks . | . . . . . . Total Damage . | . . . . . . Kills . | . . . . . . Allies Corrupted . | . . . . . . Allies Melted . | . . . . . . Intel | -11 -10 -10 -9 -8 -7 ------- Run | Yrd Mat Min Mat Mat Fac Robot Analysis Total . | . . . . . . Derelict Logs Recovered . | . . . . . . Drone Launches . | . . . . . . Drone Recoveries . | . . . . . . Exploration | -11 -10 -10 -9 -8 -7 ------------- Run | Yrd Mat Min Mat Mat Fac Turns Passed 4105 | 83 764 387 1052 398 1421 Spaces Moved 1762 | 64 325 153 566 192 462 Core 28 | 14 . . . . 14 Treads . | . . . . . . Legs 1731 | 50 325 153 566 192 445 Wheels . | . . . . . . Hover . | . . . . . . Flight 3 | . . . . . 3 Fastest Speed 50 | 50 120 190 120 125 120 Average Speed 164 | 104 186 190 125 142 206 Slowest Speed 1150 | 120 190 190 130 195 1150 Overloaded Moves . | . . . . . . Propulsion Burnouts . | . . . . . . Robots Hopped . | . . . . . . Cave-ins Triggered . | . . . . . . Exploration Rate (%) 28 | 5 38 31 63 22 12 Regions Visited 5 Branch Regions 1 Pre-discovered Areas . | . . . . . . Known Exits Taken . | . . . . . . Unknown Exits Taken 5 | 1 1 1 1 1 . Scrap Searched . | . . . . . . Spaces Dug . | . . . . . . Terrain Destroyed 346 | . . . 150 95 101 Melee . | . . . . . . Projectile . | . . . . . . AOE 346 | . . . 150 95 101 Terrain Rammed . | . . . . . . Walls Destroyed . | . . . . . . Machines Disabled . | . . . . . . Actions | -11 -10 -10 -9 -8 -7 --------- Run | Yrd Mat Min Mat Mat Fac Total 2631 | 79 419 207 799 264 863 Wait 434 | . 25 16 74 4 315 Move 1757 | 63 324 152 565 191 462 Hop . | . . . . . . Pick Up 94 | 11 19 5 29 17 13 Fast Attach 11 | 1 1 . 7 1 1 Attach 42 | 4 5 2 9 7 15 Detach 1 | . 1 . . . . Swap 27 | . 2 4 10 2 9 Drop 54 | . 8 5 31 4 6 Fire 196 | . 34 23 74 38 27 Melee 6 | . . . . . 6 Ram 2 | . . . . . 2 Kick 2 | . . . . . 2 Crush . | . . . . . . Escape Stasis 5 | . . . . . 5 Rewire . | . . . . . . Trap . | . . . . . . Miscellaneous . | . . . . . . Route ------- -11/Scrapyard -10/Materials -10/Mines -9/Materials (discovered 2 exits: *Mat / [*Min]) -8/Materials -7/Factory History --------- Turn | Location | Event 4 | -11/Scrapyard | Discovered new exit (range 15) 84 | -11/Scrapyard | Entered Materials 300 | -10/Materials | Build established: Mutant 711 | -10/Materials | Discovered new exit (range 7) 848 | -10/Materials | Entered Mines 1078 | -10/Mines | Core integrity fell below 50% 1190 | -10/Mines | Discovered new exit (range 12) 1235 | -10/Mines | Entered Materials 1235 | -9/Materials | Evolved 2 slots: Propulsion x2 1288 | -9/Materials | Repaired Lgt. Ion Engine 1310 | -9/Materials | Build established: Scavenger-Mutant 1316 | -9/Materials | Repaired Aluminum Leg 1541 | -9/Materials | Discovered new exit (range 16) 2005 | -9/Materials | Discovered new exit (range 9) 2078 | -9/Materials | Build established: Mutant 2287 | -9/Materials | Entered another Materials area 2287 | -8/Materials | Evolved 2 slots: Power x1, Utility x1 2656 | -8/Materials | Discovered new exit (range 14) 2685 | -8/Materials | Entered Factory 2685 | -7/Factory | Evolved 2 slots: Utility x1, Weapon x1 2983 | -7/Factory | Build established: Gunner 3344 | -7/Factory | Build established: Bomber 3707 | -7/Factory | Lost 3 parts (1n2u) 3979 | -7/Factory | Lost 10 parts (1p5n2u2w) 4024 | -7/Factory | Core integrity fell below 50% 4076 | -7/Factory | Core integrity fell below 20% 4097 | -7/Factory | Lost 4 parts (1p1u2w) 4106 | -7/Factory | Destroyed by Y-54 Guardian with Gatling Laser Last Messages --------------- 03995_ K-01 Serf collects debris. 04009_ Nuclear Core destroyed. 04018_ Y-54 Guardian Imp. Heat Sink severed. 04023_ Katana destroyed. [Achievement: Oops] Important note for Steam players: Cogmind player global achievement rates displayed by Steam are all significantly underreported, in some cases by a huge margin, due to how they are calculated by Valve. 04036_ NHZZ7V9AJ 2LED7:ZN|139GQNDF4G%YKK&U 04038_ Imp. Grenade Launcher destroyed. 04045_ R-06 Scavenger collects Imp. Heat Sink. 04046_ Acquired Power Maul. 04049_ Dropped Lrg. Storage Unit. 04066_ Imp. Targeting Computer destroyed. 04069_ R-06 Scavenger collects Lrg. Storage Unit. 04078_ Slammed into R-06 Scavenger. [Achievement: 5k Club] Map ----- +----------------------------------------------------+ | ? ???????########% """" """" #?????????????? | | ? ?????# # # #?????????????? | | # #????#"""" # # #?????????????? | | # #???? " # # ! #?????????????? | | # #???##" # ##############?????????????? | | # #???# " #??????????????????????????? | | # ###### # #??????????????????????????? | | #" # #??????????????????????????? | | = "" " ! #??????????????????????????? | | =# ## # #??????????????????????????? | | # ########### #??????????????????????????? | | #??????????????????????????? | | # ##### #### ^^#??????????????????????????? | | # # #????# #??????????????????????????? | | # #????#### ###########????????????????? | | ###??????## ## !! #????????????????? | | % # ##????????# # /! #????????????????? | | ?????????#= # ! [#????????????????? | | ##????????# # #????????????????? | | ###??????# + #????????????????? | | # ###????# #Y = #????????????????? | | # ##???# # #????????????????? | | ## #???# # / #????????????????? | | #???### ### #????????????????? | | *# #?????# #?##/#######????????????????? | | # #?????# #??#@#??????????????????????? | | #?????# #??# #??????????????????????? | | !! ##?????# ???# #??????????????????????? | | #??????# ???# #??????????????????????? | | +####??????# ???# #??????????????????????? | | #??????# ???# ??????????????????????? | | #??????# ????# #??????????????????????? | | # #### #??????? ????# #??????????????????????? | | #?? ???????????? #??????????????????????? | | #??? ?????????? ???????????????????????? | | " +??? ????????? ???????????????????????? | | " #???? ??????? ???????????????????????? | | " #?! ##### ?????? ???????????????????????? | | " #? ?#?????#????? ???????????????????????? | | " #? ????????????? ???????????????????????? | | " " #? ????????????? ???????????????????????? | | "R" #? ????????????? ????????????????????????? | | """ #? #####??????? #??????????????????????? | | #####+#? ??????? ########???????????????? | | ????# #? ? ??????# # #???????????????? | | ????# #? ? ??????# # #????????####???? | | ????# #?# #?# ??????# # #????????# ????? | | ????# #?# #?# #?????# # ! #????????# #????? | | ????# #?# #?# #?????# # ########## #????? | | ????# #?# #?# +?????# # + #????? | +----------------------------------------------------+ Best States ------------- Heat Dissipation 48 Energy Generation 23 Energy Capacity 250 Matter Stores 300 Matter Capacity 450 Sight Range 16 Terrain Scan Density 10 Armor Coverage 225 Core Shielding 20 Power Shielding 33 Propulsion Shielding 66 Evasion (%) 55 Targeting Accuracy 6 Item Schematics ----------------- None Robot Schematics ------------------ None Fabricated ------------ Nothing Alien Tech Used ----------------- None Achievements -------------- 5k Club Loot Pinata Oops Remodeling Challenges ------------ None Game ------ Seed HypercooledSigixProjector Manual? 0 Play Time 00:46:20 Cumulative 2.5 hours Start 2024.04.05 @ 14:00:31 End 2024.04.05 @ 20:42:50 Sessions 4 Manual Loads 0 Difficulty Rogue Special Mode None Game No. 4 Rogue 4 Adventurer 0 Explorer 0 Win Type - Total 0 Types 0/0/0/0/0/0/0/0/0 Lore% 1 Gallery% 9 Achievement% 6 Wizard Run 0 Options --------- Layout 2 ASCII 0 Keyboard 0 Movement Mouse Keybinds 0 Fullscreen 2 Font 32/SmallcapsGlow Map View 50x44 Zoom Use 0% Tactical HUD 1 Map Filters NONE Filters NONE Steam 1 RUN: 66f0cce3-1b5d-4517-8d97-7a76b9b25278